 Dungeon Crawl Stone Soup version 0.20.0-15-g7f486f2 (webtiles) character file.

339 roflturtle the Slasher (level 6, -3/51 HPs)
             Began as a Draconian Fighter on June 19, 2017.
             Killed from afar by an orc wizard (5 damage)
             ... with a magic dart
             ... on level 3 of the Dungeon.
             The game lasted 00:09:57 (2901 turns).

roflturtle the Slasher (Draconian Fighter)          Turns: 2901, Time: 00:09:58

Health: -3/51      AC:  7    Str: 18    XL:     6   Next: 29%
Magic:  6/6        EV: 10    Int:  9    God:
Gold:   108        SH:  9    Dex: 12    Spells: 5/5 levels left

rFire    . . .     SeeInvis .   u - +0 falchion
rCold    . . .     Gourm    .   b - +0 shield
rNeg     . . .     Faith    .   (armour unavailable)
rPois    .         Spirit   .   (helmet restricted)
rElec    .         Reflect  .   (no cloak)
rCorr    .         Harm     .   (no gloves)
MR       .....                  m - +0 pair of boots
Stlth    ++........             (no amulet)
Regen    0.2/turn               s - ring of stealth
MPRegen  0.1/turn               (no ring)

@: no status effects
A: unfitting armour, cold-blooded, AC +6
a: no special abilities


You were on level 3 of the Dungeon.
You were not hungry.

You visited 1 branch of the dungeon, and saw 3 of its levels.

You collected 108 gold pieces.

Inventory:

Hand Weapons
 a - a +0 long sword
 h - a +0 short sword of speed
 u - a +0 falchion (weapon)
Armour
 b - a +0 shield (worn)
 m - a +0 pair of boots (worn)
Jewellery
 s - a ring of stealth (left hand)
Wands
 r - a wand of lightning (3/15)
Scrolls
 i - a scroll of teleportation {unknown}
 o - 2 scrolls of enchant armour {unknown}
 p - a scroll of random uselessness {unknown}
 q - a scroll of noise {unknown}
 v - a scroll of immolation {unknown}
Potions
 c - 2 potions of degeneration
 e - a potion of brilliance
 f - a potion of heal wounds
 k - a potion of resistance
 t - a potion of berserk rage {unknown}
Comestibles
 d - 2 bread rations
 g - 10 chunks of flesh
 l - a meat ration
 n - 4 fruits


   Skills:
 - Level 3.2 Fighting
 + Level 6.5 Long Blades
 - Level 3.1 Dodging
 - Level 3.0 Shields


You had 5 spell levels left.
You didn't know any spells.

Dungeon Overview and Level Annotations

Branches:
Dungeon (3/15)

Altars:


Innate Abilities, Weirdness & Mutations

Your plain brown scales are hard. (AC +6)
You cannot fit into any form of body armour.
You are cold-blooded and may be slowed by cold attacks.


Message History

You closely miss the orc wizard.
The orc wizard is heavily wounded.
The orc wizard closely misses you.
You hit the orc wizard but do no damage.
The orc wizard is heavily wounded.
You block the orc wizard's attack.
You hit the orc wizard.
The orc wizard is severely wounded.
The orc wizard hits you with a vampiric dagger.
* * * LOW HITPOINT WARNING * * *
The orc wizard draws strength from your wounds!
You hit the orc wizard but do no damage.
You tail-slap the orc wizard.
The orc wizard is heavily wounded.
The orc wizard hits you but does no damage.
You miss the orc wizard.
The orc wizard is heavily wounded.
The orc wizard points at you and mumbles some strange words.
The magic dart hits you!
You die...

#.# #.## ##.# #.#
##.###.## #.#
#..#.## S.# #.#.##
### #####.#.#
#.>.....#
#.###.#.# #.#.# ##
#@#.# .#
#o#.##############
.# #.#
#.#..........†...#
.######## #.#
#.##############.#
......... ... ..#
#.. #.####### #.#
### #.. #.# #.#
##. #.#######
#.###############
## #.......#
#.....<.<.......#
#


You could see an orc wizard.

Vanquished Creatures
  The ghost of theEndsummarily the Shooter, an amateur CeWn of Makhleb (D:3)
  2 orc priests (D:3)
  2 orc wizards (D:3)
  A worker ant (D:3)
  5 adders
  An ooze (D:1)
  6 worms
  A dart slug (D:2)
  5 orcs (D:3)
  6 bats
  2 giant cockroaches
  3 goblins
  6 hobgoblins
  A quokka (D:3)
  A ball python (D:2)
  3 frilled lizards
  7 kobolds
  5 rats
58 creatures vanquished.

Notes
Turn   | Place    | Note
-------+----------+-------------------------------------------
     0 | D:1      | roflturtle the Draconian Fighter began the quest for the Orb.
     0 | D:1      | Reached XP level 1. HP: 19/19 MP: 1/1
   349 | D:1      | Reached XP level 2. HP: 21/26 MP: 2/2
   846 | D:2      | Reached skill level 3 in Long Blades
   846 | D:2      | Reached XP level 3. HP: 14/31 MP: 3/3
  1495 | D:2      | Reached XP level 4. HP: 38/38 MP: 4/4
  1537 | D:2      | Reached skill level 4 in Long Blades
  2256 | D:3      | Noticed theEndsummarily's ghost (amateur CeWn)
  2286 | D:3      | Killed theEndsummarily's ghost
  2286 | D:3      | Reached skill level 5 in Long Blades
  2286 | D:3      | Reached XP level 5. HP: 24/45 MP: 5/5
  2324 | D:3      | HP: 1/45 [orc priest (4)]
  2336 | D:3      | Reached skill level 6 in Long Blades
  2336 | D:3      | Reached XP level 6. HP: 4/51 MP: 6/6
  2776 | D:3      | HP: 1/51 [orc/falchion (7)]
  2899 | D:3      | HP: 2/51 [orc wizard/vampiric dagger (4)]
  2901 | D:3      | Killed from afar by an orc wizard

Skill      XL: |  1  2  3  4  5 |
---------------+----------------+-----
Dodging        | 3 |  3.1
Long Blades    | 3 5 6 |  6.5
Fighting       | |  3.2
Shields        | |  3.0

Action                   |  1- 3 |  4- 6 || total
-------------------------+-------+-------++-------
Melee: Long sword        |    97 |    45 ||   142
       Tailslap          |    13 |    12 ||    25
       Falchion          |       |    84 ||    84
  Use: Potion            |       |     4 ||     4
       Scroll            |       |     4 ||     4
 Stab: Sleeping          |       |     2 ||     2
  Eat: Chunk             |     2 |     5 ||     7
Armor: Skin              |    27 |    31 ||    58
Dodge: Dodged            |    50 |    38 ||    88
Block: Shield            |    38 |    53 ||    91
       Rpst.: Long sword |    14 |     7 ||    21
       Falchion          |       |     8 ||     8
